 Dungeon Crawl Stone Soup version 0.31-a0-1237-gabc64e778c (webtiles) character file.

Game seed: 13842855163692099606

69 Twinkles the Shield-Bearer (level 4, -1/37 HPs)
             Began as a Formicid Fighter on Dec 15, 2023.
             Slain by a gnoll
             ... wielding a +0 flail
              (6 damage)
             ... on level 2 of the Dungeon.
             The game lasted 00:03:04 (1356 turns).

Twinkles the Shield-Bearer (Formicid Fighter)       Turns: 1356, Time: 00:03:04

Health: -1/37      AC:  7    Str: 22    XL:     4   Next: 42%
Magic:  4/4        EV:  9    Int:  8    God:
Gold:   133        SH:  5    Dex: 13    Spells: 3/3 levels left

rFire   . . .        a - +0 flail
rCold   . . .        c - +0 buckler
rNeg    . . .        b - +0 scale mail
rPois   .            (helmet unavailable)
rElec   .            (no cloak)
rCorr   .            (no gloves)
SInv    +            (no boots)
Will    .....        (no amulet) Stlth
                     (no ring)
HPRegen 0.26/turn    (no ring)
MPRegen 0.09/turn

%: no passive effects
@: no status effects
A: permanent stasis, dig shafts and tunnels, antennae 3, four strong arms
a: Dig, Shaft Self


You were on level 2 of the Dungeon.
You visited 1 branch of the dungeon, and saw 2 of its levels.

You collected 133 gold pieces.

Inventory:

Hand Weapons
 a - a +0 flail (weapon)
Armour
 b - a +0 scale mail (worn)
 c - a +0 buckler (worn)
Scrolls
 d - a scroll of acquirement {unknown}
 e - a scroll of identify {unknown}
 f - a scroll of noise {unknown}
 g - a scroll of fear {unknown}
 i - a scroll of revelation {unknown}
Potions
 h - a potion of cancellation {unknown}
 M - a potion of might


   Skills:
 + Level 4.1 Fighting
 + Level 2.8 Maces & Flails
 + Level 4.0 Armour
 - Level 4.2 Shields


You had 3 spell levels left.
You didn't know any spells.
Your spell library contained the following spells:

 Spells                   Type           Power      Damage    Failure   Level
 Ignite Poison            Fire/Tmut/Pois 0%         N/A       99%         3
 Sticky Flame             Conj/Fire      0%         2d3       100%        4
 Ignition                 Fire           0%         3d3       100%        8


Dungeon Overview and Level Annotations

Branches:
Dungeon (2/15) Zot: 10610

Altars:


Innate Abilities, Weirdness & Mutations

You cannot be hasted, slowed, berserked, paralysed or teleported.
You can dig through walls and to a lower floor.
You have a pair of large antennae on your head. (SInv)
Your four strong arms can wield two-handed weapons with a shield.


Message History

You sock the goblin!
You kill the goblin!
The gnoll closely misses you.
You have reached level 4!
You feel clever. The gnoll attacks as it pursues you!
You block the gnoll's attack. The gnoll hits you but does no damage.
The gnoll hits you from afar with a +0 spear.
You thump the gnoll!
The gnoll is severely wounded.
The gnoll hits you with a +0 spear. The gnoll hits you but does no damage.
The gnoll completely misses you. You block the gnoll's attack.
You sock the gnoll!
You kill the gnoll!
The gnoll hits you from afar with a +0 spear!
Your Fighting skill increases to level 4!
Your Armour skill increases to level 4!
The gnoll hits you from afar with a +0 spear.
The gnoll hits you with a +0 spear.
Items here: ( )) ††.
You sock the gnoll!
You kill the gnoll!
The gnoll hits you but does no damage.
You barely miss the gnoll. You block the gnoll's attack.
The gnoll hits you from afar with a +0 spear.
You hit the gnoll but do no damage. The gnoll barely misses you.
The gnoll hits you from afar with a +0 spear.
You block the gnoll's attack.
You hit the gnoll.
The gnoll is heavily wounded.
The gnoll hits you but does no damage. The gnoll hits you with a +0 flail!
* * * LOW HITPOINT WARNING * * *
You hit the gnoll but do no damage.
The gnoll is heavily wounded.
You block the gnoll's attack. The gnoll hits you with a +0 flail.
* * * LOW HITPOINT WARNING * * *
You hit the gnoll.
The gnoll is almost dead.
You block the gnoll's attack. The gnoll hits you with a +0 flail.
You die...

............# #... ##..........#
#.## #..........# #.##
#..........####.## ........#
#..........##.....
........###..........####.##
,g......'.................## .
{#gg....############........
.... #......#..@g.# #.#......
.....#......#####g######.#######
.....#{.....# #........# #
.....g......# #.#......# #
##'#.....########.#......# #
#.......g.g.............# #
###.#.###..#######.#....÷.# #
#...#.# ##.## #.#.....## #
#...#.# #..#### #.#.....########


You could see 2 gnolls.

Vanquished Creatures
  Robin (D:2)
  2 gnolls (D:2)
  2 bats (D:2)
  2 endoplasms (D:1)
  2 giant cockroaches (D:2)
  9 goblins (D:2)
  9 hobgoblins
  A quokka (D:1)
  A ball python (D:2)
  3 frilled lizards
  5 rats (D:1)
37 creatures vanquished.

Notes
Turn   | Place    | Note
-------+----------+-------------------------------------------
     0 | D:1      | Twinkles the Formicid Fighter began the quest for the Orb.
     0 | D:1      | Reached XP level 1. HP: 18/18 MP: 1/1
     4 | D:1      | Noticed a formicid
     4 | D:1      | Noticed a vampire
     6 | D:1      | Noticed a spriggan
     8 | D:1      | Noticed a merfolk
    10 | D:1      | Noticed a naga
    10 | D:1      | Noticed a meteoran
    12 | D:1      | Noticed a felid
    12 | D:1      | Noticed a demonspawn
    14 | D:1      | Noticed an ogre
    14 | D:1      | Noticed a demigod
    16 | D:1      | Noticed a ghoul
    16 | D:1      | Noticed a human
    18 | D:1      | Noticed an armataur
    18 | D:1      | Noticed a draconian
    20 | D:1      | Noticed a troll
    20 | D:1      | Noticed a minotaur
    22 | D:1      | Noticed a tengu
    22 | D:1      | Noticed an octopode
    24 | D:1      | Noticed a gargoyle
    26 | D:1      | Noticed a vine stalker
    26 | D:1      | Noticed a merfolk
    28 | D:1      | Noticed a vine stalker
    28 | D:1      | Noticed a gargoyle
   217 | D:1      | HP: 5/18 [endoplasm (2)]
   219 | D:1      | Reached XP level 2. HP: 8/24 MP: 2/2
   832 | D:2      | Noticed Robin
   863 | D:2      | Killed Robin
   864 | D:2      | Reached XP level 3. HP: 28/30 MP: 3/3
  1345 | D:2      | Reached XP level 4. HP: 32/37 MP: 4/4
  1354 | D:2      | HP: 5/37 [gnoll/+0 flail (7)]
  1356 | D:2      | Slain by a gnoll

Illustrated notes

Levels and vault maps discovered:
D:1:      kb_arrival_jail, layout_basic, dreamdust_wishing_well
D:2:      layout_basic, uniq_robin

Skill      XL: |  1  2  3  4 |
---------------+-------------+-----
Fighting       | 4 |  4.1
Armour         | 4 |  4.0
Maces & Flails | |  2.8
Shields        | |  4.2

Action                     |  1- 3 |  4- 6 || total
---------------------------+-------+-------++-------
  Melee: Flail             |    96 |     8 ||   104
 Armour: Scale mail        |    57 |    14 ||    71
  Dodge: Dodged            |    49 |     2 ||    51
  Block: Buckler           |    24 |     6 ||    30

Table legend: (Time is in decaauts)
 A = Elapsed time spent in this place.
 B = Non-inter-level travel time spent in this place.
 C = Inter-level travel time spent in this place.
 D = Time resting spent in this place.
 E = Time spent auto-exploring this place.
 F = Levels seen in this place.
 G = Mean time per level.
                   A        B        C        D        E       F      G
               +--------+--------+--------+--------+--------+-----+--------+
         Total |   1388 |   1359 |     29 |     10 |   1035 |   2 |  694.0 |
       Dungeon |   1388 |   1359 |     29 |     10 |   1035 |   2 |  694.0 |
               +--------+--------+--------+--------+--------+-----+--------+

Top non-repeatable levels by time:
     D:1: 813 daAuts
     D:2: 574 daAuts
